 Dungeon Crawl Stone Soup version 0.29.1-2-gbd0b4ee654 (webtiles) character file.

Game seed: 17900595562713438717

854 eriqlaplus the Gusty (level 8, -1/43 HPs)
             Began as a Tengu Air Elementalist on Oct 30, 2022.
             Was a Follower of Qazlal.
             Slain by an ice beast (13 damage)
             ... on level 6 of the Dungeon.
             The game lasted 00:42:43 (4847 turns).

eriqlaplus the Gusty (Tengu Air Elementalist)       Turns: 4847, Time: 00:42:43

Health: -1/43      AC:  3    Str:  9    XL:     8   Next: 1%
Magic:  12/15      EV: 15    Int: 22    God:    Qazlal [*.....]
Gold:   238        SH:  1    Dex: 15    Spells: 7/15 levels left

rFire   + . .      SeeInvis .   k - +4 dagger "Morg" {pain, Will+ Int+5}
rCold   . . .      Faith    .   (no shield)
rNeg    + + .      Spirit   .   a - +1 robe
rPois   .          Reflect  .   (helmet restricted)
rElec   .          Harm     .   (no cloak)
rCorr   +          Rampage  .   (no gloves)
Will    ++...                   (boots unavailable)
Stlth   ++........              (no amulet)
HPRegen 0.14/turn               i - ring of Yneotih {rN++ Will+ rCorr}
MPRegen 0.14/turn               f - ring of protection from fire

@: lethally poisoned (-1 -> -3), flying quickly and evasively, quick
A: beak, talons 3, nimble flight
a: Renounce Religion


You were on level 6 of the Dungeon.
You worshipped Qazlal.
Qazlal was aware of your devotion.
You visited 1 branch of the dungeon, and saw 6 of its levels.

You collected 238 gold pieces.

Inventory:

Hand Weapons
 c - a +0 mace
 k - the +4 dagger "Morg" (weapon) {pain, Will+ Int+5}
   (You found it on level 3 of the Dungeon)

   In the hands of one skilled in necromantic magic, it inflicts extra damage on
   living creatures.
   Int:       It affects your intelligence (+5).
   Will:      It increases your willpower.
Missiles
 d - 43 stones
Armour
 a - a +1 robe (worn)
Jewellery
 f - a ring of protection from fire (right hand)
 i - the ring of Yneotih (left hand) {rN++ Will+ rCorr}
   (You found it on level 2 of the Dungeon)

   [ring of willpower]

   rN:        It greatly protects you from negative energy.
   rCorr:     It protects you from acid and corrosion.
   Will:      It increases your willpower.
Wands
 t - a wand of light (3)
Scrolls
 e - 2 scrolls of identify
Potions
 b - a potion of magic
 g - a potion of haste
 h - 6 potions of curing {unknown}
 j - a potion of brilliance {unknown}
 l - a potion of might
 m - a potion of resistance {unknown}
 n - 2 potions of attraction {unknown}
 p - a potion of lignification {unknown}
 q - 2 potions of invisibility {unknown}
 r - 2 potions of mutation {unknown}
 s - a potion of heal wounds {unknown}


   Skills:
 + Level 1.4 Fighting
 + Level 1.1 Short Blades
 + Level 2.4 Maces & Flails
 + Level 3.3 Dodging
 + Level 3.4 Stealth
 + Level 0.3 Unarmed Combat
 + Level 4.4 Spellcasting
 + Level 4.6 Conjurations
 + Level 6.8 Air Magic


You had 7 spell levels left.
You knew the following spells:

 Your Spells              Type           Power      Damage    Failure   Level
a - Shock                 Conj/Air       100%       1d9       1%          1
b - Static Discharge      Conj/Air       30%        3-7/arc   1%          2
c - Airstrike             Air            17%        2d(3-19)  6%          4
d - Foxfire               Conj/Fire      60%        2x1d7     4%          1

Your spell library contained the following spells:

 Spells                   Type           Power      Damage    Failure   Level
 Swiftness                Air            35%        N/A       1%          3
 Necrotise                Necr           16%        1d4       11%         1
 Conjure Flame            Conj/Fire      15%        6-21      12%         3
 Inner Flame              Hex/Fire       4%         N/A       32%         3
 Ozocubu's Armour         Ice            4%         N/A       32%         3
 Vampiric Draining        Necr           4%         2d6       32%         3
 Flame Wave               Conj/Fire      15%        2d7       38%         4
 Agony                    Necr           4%         N/A       96%         5
 Metabolic Englaciation   Hex/Ice        2%         N/A       96%         5
 Simulacrum               Ice/Necr       2%         N/A       100%        6


Dungeon Overview and Level Annotations

Branches:
Dungeon (6/15)             Temple (0/1) D:5

Altars:
Gozag
Makhleb
Qazlal
Uskayaw

Annotations:
D:4 1 runed translucent door, safid's ghost, amateur MiHu


Innate Abilities, Weirdness & Mutations

You have a beak for a mouth.
You have claws for feet.
Your magical nature lets you fly swiftly and evasively.


Message History

The orc throws a poisoned dart.
The poisoned dart hits you!
You are poisoned.
Casting: Foxfire (safe; 4% risk of failure)
Confirm with . or Enter, or press ? or * to list all spells.
Aiming: Shock (safe; 1% risk of failure)
Press: ? - help, Shift-Dir - straight line, f/p - orc
Aim: an orc, wielding a staff of conjuration, wearing a +0 scale mail and quivering poisoned darts (moderately wounded, fast, 77% to hit)
The zap hits the orc.
The orc is severely wounded.
The zap hits the ice beast!
The ice beast is moderately wounded.
You feel very sick.
You drop a wand of flame (10).
You feel sick.
The orc throws a poisoned dart.
The poisoned dart misses you.
You hit the orc.
You kill the orc!
Qazlal accepts your kill.
You feel sick.
You hit the ice beast. Your kick misses the ice beast.
You peck the ice beast, but do no damage.
The ice beast is moderately wounded.
You feel sick. The ice beast barely misses you.
You barely miss the ice beast.
The ice beast is moderately wounded.
You feel sick. The ice beast hits you. The ice beast freezes you.
You barely miss the ice beast.
You claw the ice beast, but do no damage.
The ice beast is moderately wounded.
You feel sick. The ice beast hits you. The ice beast freezes you!
Casting: Shock (safe; 1% risk of failure)
Confirm with . or Enter, or press ? or * to list all spells.
Aiming: Shock (safe; 1% risk of failure)
Press: ? - help, Shift-Dir - straight line, f - ice beast
Aim: an ice beast (moderately wounded, 74% to hit)
The zap hits the ice beast but does no damage.
The ice beast is moderately wounded.
You feel sick. The ice beast hits you.
* * * LOW HITPOINT WARNING * * *
The ice beast freezes you!
You die...

..#.. .... ..#.... . ..... ...
... . ..... ##.. ..#. ......
..# ..# ......
#.#####.##.....#
#.#####.....).....# ##########
.........####.|Y#####........#
#..<.##.@°.............##
♣.♣♣.....°....#.........#
##♣#'#♣.#######.............
#..'_+..# ##.#........#.
##.♣#+#♣## ####.#.......... #
##..♣♣.♣♣# ###......######..#
####.........# #...##.### #.##
.....##......# #...##..###
##.# .....#
#####.###...###....###÷.#


You could see an ice beast.

Vanquished Creatures
  A water moccasin (D:6)
  2 ogres
  A scorpion (D:5)
  2 howler monkeys (D:5)
  2 hounds (D:5)
  A jelly (D:5)
  4 iguanas
  Natasha (thrice) (D:3)
  2 hound zombies (D:3)
  6 adders
  A river rat (D:3)
  A white imp (D:6)
  An ufetubus (D:6)
  An adder zombie (D:3)
  An adder skeleton (D:3)
  A worm (D:3)
  12 orcs
  2 ball pythons (D:3)
  5 endoplasms
  2 giant cockroaches (D:3)
  3 goblins
  2 hobgoblins (D:2)
  3 quokkas
  2 bats
  4 frilled lizards
  A kobold (D:3)
  A quokka skeleton (D:3)
  5 rats
72 creatures vanquished.

Vanquished Creatures (others)
  A foxfire (D:6)
  20 withered plants (D:3)
21 creatures vanquished.

Grand Total: 93 creatures vanquished

Notes
Turn   | Place    | Note
-------+----------+-------------------------------------------
     0 | D:1      | eriqlaplus the Tengu Air Elementalist began the quest for
                  | the Orb.
     0 | D:1      | Reached XP level 1. HP: 10/10 MP: 4/4
   309 | D:2      | Reached XP level 2. HP: 12/15 MP: 3/6
   821 | D:2      | Reached XP level 3. HP: 11/19 MP: 7/7
   822 | D:2      | Identified the ring of Yneotih {rN++ Will+ rCorr}
   861 | D:2      | Learned a level 2 spell: Static Discharge
   914 | D:3      | Found a glowing drain.
   922 | D:3      | Reached skill level 1 in Maces & Flails
  1025 | D:3      | Reached XP level 4. HP: 10/24 MP: 4/8
  1099 | D:3      | Found a faded altar of an unknown god.
  1232 | D:3      | Found a stormy altar of Qazlal.
  1239 | D:3      | Became a worshipper of Qazlal Stormbringer
  1299 | D:3      | Noticed Natasha
  1300 | D:3      | Found the +4 dagger "Morg" {pain, Will+ Int+5}
  1316 | D:3      | Killed Natasha
  1370 | D:3      | Reached skill level 5 in Air Magic
  1370 | D:3      | Gained mutation: Your magical nature lets you fly swiftly
                  | and evasively. [Tengu growth]
  1370 | D:3      | Reached XP level 5. HP: 6/28 MP: 2/9
  1598 | D:3      | Noticed Natasha
  1601 | D:3      | Killed Natasha
  1737 | D:3      | Learned a level 4 spell: Airstrike
  1955 | D:3      | Found a hide-covered altar of Uskayaw.
  1996 | D:3      | Noticed Natasha
  1999 | D:3      | Killed Natasha
  2073 | D:4      | Reached skill level 1 in Fighting
  2417 | D:4      | Found a runed translucent door.
  2417 | D:4      | Noticed safid's ghost (amateur MiHu)
  2531 | D:4      | Reached XP level 6. HP: 34/34 MP: 7/11
  2544 | D:5      | Entered Level 5 of the Dungeon
  2849 | D:5      | Reached skill level 6 in Air Magic
  2849 | D:5      | Reached XP level 7. HP: 38/38 MP: 5/13
  3380 | D:5      | Found the +3 greatsling "Punk" {acid, rCorr}
  3869 | D:5      | Found an opulent altar of Gozag.
  3914 | D:5      | Found a staircase to the Ecumenical Temple.
  4050 | D:6      | Reached * piety under Qazlal
  4051 | D:6      | Reached skill level 1 in Short Blades
  4525 | D:6      | Reached XP level 8. HP: 40/43 MP: 6/15
  4720 | D:6      | Found a burning altar of Makhleb.
  4838 | D:6      | Learned a level 1 spell: Foxfire
  4847 | D:6      | Slain by an ice beast

Illustrated notes

Levels and vault maps discovered:
D:1:      onia_arrival_pyramid, layout_rooms
D:2:      layout_basic
D:3:      layout_loops_ring, marbit_many_paths, eat_drink_and_be_merry_uskayaw,
          ebering_ecumenical_altar_rust, cheibrodos_sewer_entry_sluice,
          dilly_guarded_unrand_morg
D:4:      layout_layer_cave, ebering_ghost_sewer_d
D:5:      layout_layer_cave, general_overflow_altar, minmay_temple_entry_fiery
D:6:      layout_rooms, kennysheep_mini_moat, kennysheep_orc_sif_temple

Skill      XL: |  1  2  3  4  5  6  7 |
---------------+----------------------+-----
Maces & Flails | 1 2 |  2.4
Conjurations   | 2 3 4 |  4.6
Air Magic      | 5 6 |  6.8
Fighting       | 1 |  1.4
Spellcasting   | 3 4 |  4.4
Dodging        | 3 |  3.3
Stealth        | 3 |  3.4
Short Blades   | 1 |  1.1
Unarmed Combat | |  0.3

Action                   |  1- 3 |  4- 6 |  7- 9 || total
-------------------------+-------+-------+-------++-------
Melee: Mace              |    34 |    16 |       ||    50
       Unarmed           |     9 |       |       ||     9
       Kick              |     9 |     6 |     3 ||    18
       Peck              |     6 |     6 |     4 ||    16
       Punch             |     1 |       |       ||     1
       Dagger            |       |    23 |    23 ||    46
 Cast: Shock             |    31 |    73 |    41 ||   145
       Airstrike         |       |     2 |     7 ||     9
       Foxfire           |       |       |     1 ||     1
  Use: Scroll            |       |     2 |       ||     2
Armor: Robe              |    17 |     6 |       ||    23
Dodge: Dodged            |    27 |    38 |    16 ||    81
